AoeStats
← 活在故事里的骑士

Arena

510246586Analyzed
4v4 RM · 7h ago on Sep 30, 2026· 47m 33s· 8 players
Game mode
Random Map
Map size
Large (8 player)
Population
200
Speed
Normal
Resources
Standard
Victory
Conquest
Starting age
Dark Age
Ending age
Imperial Age
RankedLock teamsTeams togetherTeam positionsShared explorationLock speedFull tech treeHidden civsTurbo modeCheats
Victory
Defeat
🇵🇪 Malians · Peru
1221
+14
🇨🇴 Magyars · Colombia
1205
+15
🇲🇽 Slavs · Mexico
1157
+17
🇯🇵 Saxons · Japan
1153
+17
🇨🇳 Persians · China
1240
-18
🇭🇰 Britons · Hong Kong SAR China
1156
-15
🇨🇳 Wei · China
1153
-15
🇨🇳 Chinese · China
1152
-15
dy小妖
11:26 Feudal Age
13:01 Double-Bit Axe
16:06 Castle Age
13:50 Horse Collar
17:23 Bow Saw
18:04 Heavy Plow
18:10 Loom
23:00 Wheelbarrow
23:15 Gold Mining
25:16 Gold Shaft Mining
29:46 Imperial Age
27:33 Hand Cart
27:26 Scale Barding Armor
27:32 Husbandry
27:42 Bloodlines
28:19 Town Watch
29:14 Chain Barding Armor
30:09 Forging
29:31 Cavalier
30:47 Plate Barding Armor
30:35 Conscription
31:21 Savar
33:07 Stone Mining
33:54 Iron Casting
35:51 Blast Furnace
35:41 Capped Ram
37:48 Chemistry
37:21 Kamandaran
37:17 Fletching
38:19 Bodkin Arrow
38:25 Padded Archer Armor
38:44 Crossbowman
44:51 Leather Archer Armor
mmmmmoooo
9:57 Feudal Age
14:19 Castle Age
12:56 Double-Bit Axe
14:34 Horse Collar
16:22 Bow Saw
19:43 Gold Mining
20:32 Stone Mining
22:57 Wheelbarrow
22:43 Heavy Plow
22:50 Crossbowman
24:41 Fletching
24:52 Padded Archer Armor
25:51 Bodkin Arrow
25:27 Crossbowman
32:48 Masonry
37:41 Imperial Age
41:39 Bracer
45:13 Thumb Ring
46:41 Two-Man Saw
活在故事里的骑士
11:01 Feudal Age
11:58 Horse Collar
14:44 Castle Age
13:02 Double-Bit Axe
17:34 Wheelbarrow
21:58 Gold Mining
22:20 Bow Saw
22:17 Heavy Plow
28:50 Imperial Age
27:53 Loom
28:23 Hand Cart
27:53 Town Watch
29:14 Husbandry
29:24 Bloodlines
29:28 Forging
29:25 Scale Barding Armor
29:58 Ming Guang Armor
29:53 Conscription
29:18 Heavy Hei Guang Cavalry
33:00 Iron Casting
32:45 Chain Barding Armor
36:53 Chain Barding Armor
38:35 Light Cavalry
39:22 Hussar
43:06 Crop Rotation
为何独自愁
7:13 Loom
10:03 Feudal Age
13:48 Castle Age
12:57 Double-Bit Axe
12:56 Horse Collar
14:51 Bow Saw
23:11 Wheelbarrow
22:24 Town Watch
22:47 Heavy Plow
23:54 Fletching
27:21 Bodkin Arrow
30:25 Imperial Age
33:06 Crossbowman
34:01 Bracer
40:29 Ballistics
41:10 Chemistry
40:31 Arbalester
41:12 Padded Archer Armor
43:30 Leather Archer Armor
42:58 Treadmill Crane
46:10 Ring Archer Armor
45:49 Siege Engineers
BlankZombie18
2:16 Loom
10:54 Feudal Age
14:28 Castle Age
13:02 Double-Bit Axe
12:58 Horse Collar
18:10 Wheelbarrow
19:18 Town Watch
21:32 Hand Cart
21:03 Loom
22:00 Bow Saw
23:40 Town Patrol
26:27 Husbandry
26:38 Bloodlines
25:50 Light Cavalry
29:37 Imperial Age
27:26 Pikeman
28:07 Squires
30:04 Halberdier
31:41 Scale Mail Armor
31:52 Forging
31:47 Scale Barding Armor
32:42 Cavalier
32:43 Hussar
35:32 Chain Mail Armor
35:52 Iron Casting
39:26 Plate Mail Armor
39:56 Blast Furnace
43:40 Heavy Plow
43:32 Gold Mining
44:50 Detinets
45:15 Conscription
46:41 Chain Barding Armor
46:12 Fletching
11++
10:37 Feudal Age
14:58 Castle Age
13:23 Fletching
13:55 Double-Bit Axe
14:11 Horse Collar
20:58 Padded Archer Armor
21:41 Ballistics
22:47 Town Watch
25:04 Bodkin Arrow
28:27 Leather Archer Armor
35:13 Imperial Age
33:06 Scale Mail Armor
33:38 Loom
35:25 Forging
36:04 Chain Mail Armor
36:18 Conscription
37:52 Iron Casting
38:42 Plate Mail Armor
38:54 Murder Holes
41:30 Ring Archer Armor
42:47 Wheelbarrow
42:29 Crossbowman
43:36 Thumb Ring
44:35 Chemistry
43:06 Elite Gbeto
45:33 Scale Barding Armor
45:28 Elite Skirmisher
47:06 Chain Barding Armor
48:28 Plate Barding Armor
48:00 Tigui
classicdao066
10:24 Feudal Age
11:39 Double-Bit Axe
14:04 Castle Age
12:39 Horse Collar
15:11 Bow Saw
20:58 Wheelbarrow
22:07 Gold Mining
27:58 Imperial Age
25:16 Loom
26:34 Gold Shaft Mining
25:46 Town Watch
26:40 Fletching
26:51 Padded Archer Armor
28:06 Bodkin Arrow
28:27 Leather Archer Armor
28:24 Bloodlines
28:15 Husbandry
28:52 Bracer
29:54 Chemistry
29:21 Conscription
29:34 Parthian Tactics
29:55 Thumb Ring
30:24 Hand Cart
30:55 Ring Archer Armor
29:52 Heavy Cavalry Archer
30:58 Recurve Bow
31:34 Ring Archer Armor
32:04 Corvinian Army
32:11 Scale Barding Armor
32:37 Elite Magyar Huszar
33:49 Ballistics
34:38 Chain Barding Armor
36:02 Plate Barding Armor
38:16 Treadmill Crane
45:22 Coinage
47:19 Scale Mail Armor
47:28 Siege Engineers
47:34 Masonry
纸火
7:18 Loom
10:53 Feudal Age
14:47 Castle Age
13:02 Double-Bit Axe
14:54 Horse Collar
15:33 Town Watch
16:25 Wheelbarrow
16:01 Bow Saw
15:53 Heavy Plow
18:53 Gold Mining
23:00 Gold Shaft Mining
22:26 Stone Mining
24:17 Scale Mail Armor
25:10 Forging
25:17 Chain Mail Armor
25:31 Gambesons
25:32 Arson
27:00 Squires
27:27 Pikeman
33:05 Hand Cart
33:09 Forging
36:41 Imperial Age
35:29 Iron Casting
34:47 Fletching
36:56 Halberdier
38:50 Two-Man Saw
37:40 Elite Varangian Guard
40:09 Plate Mail Armor
39:55 Masonry
39:28 Shield Wall
40:41 Conscription
Connection lost

Rejoining the realm…

Still unreachable

The connection could not be restored.

Session expired

The server has moved on; the page needs a fresh start.